Map: Dusk Towers

Players

Neeblet (Neeb)

  • Race: Protoss Protoss
  • League: Grandmaster

Dayshi - Winner!

  • Race: Terran Terran
  • League: Grandmaster

Event: DreamHack ZOWIE Open Leipzig

VOD

Have the link to the VOD?

Description

Time

  • Played on: Jan. 22, 2016, 11:47 a.m.
  • Length: 12:26

All games in this series

Show
View Real Time Build Order
Export as new Build Order

Neeblet Protoss 

Build Orders: 1 Gate Expand, Phoenix Opening 

Get SALT Encoding   

  12  0:00  Probe (Chrono Boost)  
  13  0:11  Probe (Chrono Boost)  
  14  0:18  Pylon  
  14  0:22  Probe (Chrono Boost)  
  15  0:36  Probe (Chrono Boost), Gateway  
  16  0:47  Probe (Chrono Boost)  
  16  0:48  Assimilator  
  17  0:57  Probe (Chrono Boost)  
  18  1:08  Probe (Chrono Boost)  
  19  1:18  Nexus  
  19  1:27  Cybernetics Core  
  19  1:30  Probe (Chrono Boost)  
  20  1:37  Assimilator  
  20  1:40  Probe (Chrono Boost)  
  20  1:46  Pylon  
  21  1:51  Probe (Chrono Boost)  
  23  2:01  Probe (Chrono Boost)  
  23  2:03  Warp Gate  
  23  2:04  Adept (Chrono Boost)  
  25  2:13  Probe  
  26  2:25  Probe (Chrono Boost)  
  26  2:28  Adept  
  29  2:30  Probe (Chrono Boost)  
  29  2:36  Probe (Chrono Boost)  
  31  2:37  Stargate  
  31  2:41  Probe (Chrono Boost)  
  32  2:46  Probe (Chrono Boost)  
  33  2:52  Probe (Chrono Boost)  
  33  2:57  Probe (Chrono Boost)  
  35  3:02  Probe (Chrono Boost)  
  36  3:05  Robotics Facility  
  36  3:07  Probe (Chrono Boost)  
  36  3:08  Assimilator  
  36  3:12  Probe (Chrono Boost), Assimilator  
  38  3:18  Probe (Chrono Boost)  
  39  3:21  Probe (Chrono Boost), Phoenix (Chrono Boost)  
  39  3:24  Pylon  
  42  3:29  Probe  
  42  3:32  Probe  
  44  3:41  Probe  
  44  3:42  Phoenix (Chrono Boost)  
  44  3:43  Probe  
  48  3:53  Probe, Observer (Chrono Boost)  
  48  3:54  Pylon  
  48  3:55  Probe  
  51  4:01  Phoenix  
  51  4:05  Probe  
  54  4:12  Probe  
  54  4:14  Adept, Pylon  
  54  4:16  Observer (Chrono Boost)  
  58  4:18  Probe, Pylon  
  58  4:24  Probe  
  58  4:29  Nexus  
  58  4:30  Probe  
  58  4:31  Phoenix  
  61  4:39  Probe, Pylon  
  61  4:43  Observer (Chrono Boost)  
  61  4:44  Sentry  
  66  4:46  Mothership Core  
  66  4:51  Probe  
  68  4:53  Pylon  
  68  4:59  Pylon  
  68  5:00  Phoenix  
  68  5:03  Probe  
  68  5:08  Probe  
  66  5:15  Probe  
  66  5:19  Observer (Chrono Boost)  
  66  5:20  Probe  
  67  5:28  Probe  
  64  5:31  Phoenix  
  64  5:32  Probe  
  67  5:40  Probe x2  
  69  5:44  Probe  
  69  5:45  Observer (Chrono Boost)  
  71  5:51  Probe  
  71  5:52  Probe  
  71  5:56  Probe  
  74  6:02  Probe (Chrono Boost)  
  76  6:04  Probe (Chrono Boost)  
  76  6:05  Immortal (Chrono Boost)  
  76  6:08  Twilight Council, Probe (Chrono Boost)  
  76  6:09  Forge  
  81  6:12  Pylon  
  81  6:14  Probe (Chrono Boost)  
  81  6:15  Probe (Chrono Boost)  
  81  6:18  Probe (Chrono Boost)  
  83  6:25  Probe  
  84  6:26  Sentry, Probe  
  84  6:28  Probe  
  84  6:30  Protoss Ground Armor Level 1  
  84  6:32  Gateway x2  
  89  6:35  Pylon  
  89  6:36  Immortal (Chrono Boost)  
  90  6:41  Pylon  
  90  6:43  Probe  
  95  6:48  Probe, Blink (Chrono Boost)  
  95  6:51  Probe  
  96  6:55  Probe, Assimilator  
  96  6:56  Assimilator  
  96  7:00  Probe  
  98  7:02  Robotics Bay  
  98  7:03  Probe  
  98  7:07  Probe  
  100  7:09  Immortal  
  100  7:10  Stalker  
  100  7:12  Probe  
  107  7:15  Probe  
  107  7:20  Probe, Gateway  
  107  7:21  Gateway  
  108  7:24  Gateway, Pylon  
  108  7:32  Probe  
  109  7:42  Forge  
  109  7:45  Pylon  
  109  7:48  Pylon  
  109  7:51  Probe x2  
  115  7:53  Disruptor  
  114  8:00  Stalker x3  
  114  8:03  Gateway  
  114  8:04  Gateway  
  120  8:08  Photon Cannon  
  120  8:11  Pylon, Photon Cannon  
  120  8:14  Photon Cannon  
  120  8:17  Photon Cannon  
  120  8:21  Probe x2  
  122  8:27  Disruptor  
  122  8:30  Nexus  
  122  8:32  Pylon  
  122  8:34  Stalker x3, Pylon  
  131  8:43  Probe x2, Protoss Ground Weapons Level 1  
  133  8:55  Robotics Facility  
  133  8:57  Pylon  
  133  8:58  Disruptor  
  133  9:00  Protoss Ground Armor Level 2  
  133  9:02  Stalker x4  
  139  9:05  Stalker  
  139  9:07  Resonating Glaives (Chrono Boost)  
  139  9:09  Stalker  
  148  9:26  Adept x3  
  148  9:27  Adept x3  
  158  9:37  Stalker  
  158  9:38  Stalker  
  154  9:43  Probe x4  
  133  9:49  Stalker x3  
  133  9:50  Stalker x2  
  135  9:55  Probe  
  135  9:56  Mothership Core  
  135  9:57  Probe x2  
  131  10:07  Robotics Facility  
  114  10:12  Robotics Bay  
  111  10:18  Stalker x3  
  113  10:28  Immortal  
  113  10:33  Sentry x2  
  121  10:35  Pylon  
  121  10:44  Stalker x3  
  121  10:56  Stalker, Immortal  
  119  11:02  Sentry  
  119  11:04  Stalker x2  
  121  11:10  Stalker x3  
  125  11:11  Disruptor  
  128  11:22  Stalker  
  123  11:33  Stalker x2  
  123  11:35  Disruptor  
  108  11:47  Stalker, Disruptor  
  108  11:48  Stalker x2  
  93  12:08  Stalker x4  
  84  12:17  Stalker x2  
  84  12:18  Stalker  
Show
View Real Time Build Order
Export as new Build Order

Dayshi Terran - Winner!

Build Orders: Liberator Opening, MMM Bio 

Get SALT Encoding   

  12  0:00  SCV  
  13  0:12  SCV  
  14  0:17  Supply Depot  
  14  0:25  SCV  
  15  0:39  SCV  
  15  0:40  Barracks  
  16  0:42  Refinery  
  16  0:51  SCV  
  17  1:03  SCV  
  18  1:15  SCV  
  19  1:27  Barracks Reactor, Orbital Command  
  19  1:39  Command Center  
  19  1:48  Supply Depot  
  19  1:52  SCV  
  20  2:03  Marine x2  
  20  2:05  SCV  
  23  2:12  Factory  
  23  2:17  SCV  
  23  2:21  Marine  
  23  2:22  Marine  
  26  2:29  SCV  
  27  2:30  Refinery  
  27  2:39  Marine  
  27  2:41  SCV  
  27  2:42  Marine  
  29  2:51  Orbital Command  
  29  2:54  SCV  
  29  2:57  Marine  
  31  2:59  Starport  
  31  3:00  Marine  
  31  3:03  Widow Mine  
  34  3:09  SCV  
  35  3:15  Marine  
  35  3:18  Supply Depot, Marine  
  37  3:20  SCV  
  37  3:25  SCV  
  39  3:31  Widow Mine  
  39  3:32  SCV  
  42  3:35  Marine, Medivac  
  42  3:37  Marine  
  42  3:40  SCV  
  47  3:44  Supply Depot, SCV  
  47  3:47  Liberator  
  48  3:52  SCV  
  48  3:53  Marine  
  48  3:54  Marine  
  51  3:56  SCV  
  51  4:04  SCV  
  51  4:08  SCV  
  53  4:16  SCV  
  53  4:17  Factory Tech Lab  
  54  4:20  SCV  
  54  4:25  Marine x2  
  54  4:26  Command Center  
  53  4:32  Engineering Bay  
  53  4:36  Cyclone  
  56  4:39  SCV x2  
  56  4:43  Marine x2  
  60  4:51  SCV x2, Barracks  
  62  4:59  Barracks  
  62  5:03  SCV, Marine  
  62  5:16  SCV, Marine  
  62  5:19  Medivac  
  62  5:21  Marine  
  62  5:23  SCV  
  60  5:28  SCV  
  60  5:29  Terran Infantry Weapons Level 1  
  60  5:30  Refinery  
  60  5:31  Refinery  
  60  5:34  Liberator, Factory Reactor, Missile Turret, Marine  
  62  5:38  SCV, Supply Depot, Orbital Command  
  62  5:39  Marine  
  62  5:40  SCV  
  62  5:42  Barracks Tech Lab  
  62  5:50  SCV  
  62  5:52  Marine  
  62  5:53  SCV  
  68  5:58  Marine  
  68  5:59  Stimpack, Missile Turret, Marine  
  68  6:02  SCV  
  68  6:05  SCV  
  68  6:08  SCV  
  70  6:11  Missile Turret  
  70  6:14  SCV, Barracks  
  70  6:18  Combat Shields, Marauder  
  73  6:20  Marauder  
  73  6:21  Factory Reactor  
  73  6:22  Marine x2  
  73  6:23  SCV x2  
  73  6:24  Barracks  
  77  6:26  SCV  
  78  6:35  SCV x2  
  78  6:38  SCV  
  81  6:40  Armory  
  81  6:41  Engineering Bay  
  81  6:42  Supply Depot, Marine x2  
  81  6:43  Marauder, Orbital Command  
  85  6:48  Supply Depot  
  85  6:57  Supply Depot x3  
  85  7:03  SCV x2, Medivac, Marine x2  
  85  7:04  Marauder  
  93  7:10  SCV  
  93  7:12  Marauder  
  93  7:14  Barracks Tech Lab  
  96  7:15  SCV x2  
  96  7:21  Supply Depot  
  96  7:22  SCV, Marine  
  100  7:23  Supply Depot  
  100  7:25  Terran Infantry Armor Level 1  
  100  7:26  Marine x2  
  100  7:27  SCV x2, Terran Infantry Weapons Level 2  
  103  7:32  Medivac  
  103  7:34  SCV  
  104  7:40  SCV, Bunker  
  104  7:42  Missile Turret  
  104  7:43  Supply Depot, Marine x2, Marauder  
  109  7:44  Liberator  
  109  7:47  Marauder  
  109  7:49  Factory Reactor  
  110  7:56  Marauder, Marine x2  
  110  7:57  Liberator  
  114  7:59  SCV x3  
  114  8:01  Refinery x2  
  114  8:04  Supply Depot, Marine  
  121  8:06  Marine x2  
  121  8:11  SCV x3  
  128  8:13  Marauder  
  128  8:19  Supply Depot  
  131  8:21  Marauder  
  131  8:23  SCV x2  
  131  8:24  Marauder  
  137  8:28  Marine x3  
  137  8:29  Liberator, Marine  
  144  8:34  Marauder  
  144  8:40  Supply Depot, Liberator  
  142  8:41  Supply Depot  
  142  8:42  Marine  
  142  8:43  Barracks  
  142  8:46  Marauder  
  142  8:47  Marine  
  142  8:48  Marine x2  
  149  8:50  Marine  
  154  8:55  Marauder  
  154  9:00  Marine  
  154  9:02  Command Center  
  158  9:05  Marine  
  158  9:06  Marine  
  158  9:07  Marauder  
  162  9:10  Marine  
  162  9:14  Marine  
  166  9:17  Marauder  
  166  9:18  Marauder  
  166  9:23  Marine  
  166  9:24  Marine  
  167  9:28  Marauder, Marine  
  167  9:30  Marine  
  169  9:32  Medivac, Marine  
  161  9:38  Marauder  
  161  9:40  Medivac, Marauder  
  161  9:41  Marine x2  
  162  9:45  Marine  
  162  9:48  Marine  
  162  9:49  Marine  
  162  9:50  Marauder  
  159  9:59  Marine  
  142  10:00  Marauder  
  142  10:01  Marauder  
  142  10:03  Liberator  
  142  10:04  Liberator, Marine x2  
  142  10:06  Marine  
  132  10:07  Marine  
  132  10:08  Terran Infantry Armor Level 2  
  132  10:11  Marauder  
  126  10:19  Command Center  
  126  10:21  Marauder  
  131  10:22  Marauder  
  131  10:25  Marine  
  131  10:26  Marine  
  131  10:28  Marine  
  139  10:29  Widow Mine  
  139  10:32  Widow Mine  
  139  10:33  Marauder  
  145  10:37  Marine  
  145  10:42  Marauder  
  148  10:47  Marine  
  148  10:48  Marauder  
  146  10:50  Marine x2  
  146  10:54  Marauder, Marine  
  146  10:55  Marine  
  149  11:03  Medivac  
  149  11:04  Marauder  
  150  11:05  Marine  
  146  11:12  Marauder, Marine x2  
  146  11:13  Marine x2  
  146  11:15  Marauder  
  152  11:19  Widow Mine x2  
  152  11:23  Marine  
  152  11:25  Marauder  
  155  11:29  Marine  
  152  11:34  Marauder, Marine  
  152  11:36  Marine  
  152  11:37  Marauder  
  143  11:47  Marine, Orbital Command  
  143  11:48  Widow Mine x2, Marauder  
  133  11:57  Marine x3  
  133  11:58  Marauder  
  133  12:06  Marine  

Tags
 
Add a new tag
Caveats
  • Supply blocks, unpowered buildings, or Contaminate may cause inaccurate times.
  • Supply counts are checked every 10 seconds.